 Dungeon Crawl Stone Soup version 0.24-a0-504-gcfb02b9d07 (webtiles) character file.

Game seed: 5451547579637956517

27 Mithandil the Conjurer (level 2, -1/15 HPs)
             Began as a Deep Elf Conjurer on July 16, 2019.
             Slain by a jackal (2 damage)
             ... on level 1 of the Dungeon.
             The game lasted 00:03:48 (529 turns).

Mithandil the Conjurer (Deep Elf Conjurer)           Turns: 529, Time: 00:03:49

Health: -1/15      AC:  3    Str:  5    XL:     2   Next: 93%
Magic:  0/8        EV: 12    Int: 19    God:
Gold:   30         SH:  0    Dex: 15    Spells: 5/8 levels left

rFire    . . .     SeeInvis .   a - +0 dagger
rCold    . . .     Gourm    .   (no shield)
rNeg     . . .     Faith    .   g - +0 leather armour
rPois    .         Spirit   .   (no helmet)
rElec    .         Reflect  .   (no cloak)
rCorr    .         Harm     .   (no gloves)
MR       .....                  (no boots)
Stlth    ++........             (no amulet)
HPRegen  0.05/turn              (no ring)
MPRegen  0.11/turn              (no ring)

@: no status effects
A: no striking features
a: no special abilities


You were on level 1 of the Dungeon.
You were not hungry.

You visited 1 branch of the dungeon, and saw 2 of its levels.

You collected 30 gold pieces.

Inventory:

Hand Weapons
 a - a +0 dagger (weapon)
Missiles
 b - 5 stones (quivered)
Armour
 g - a +0 leather armour (worn)
Scrolls
 e - 3 scrolls of blinking {unknown}
 f - a scroll of immolation {unknown}
 i - a scroll of identify {unknown}
Potions
 h - 3 potions of lignification {unknown}
Comestibles
 c - 4 rations
 d - 2 chunks of flesh


   Skills:
 + Level 2.8 Dodging
 + Level 2.9 Stealth
 * Level 3.7 Spellcasting
 * Level 4.7 Conjurations


You had 5 spell levels left.
You knew the following spells:

 Your Spells              Type           Power        Failure   Level  Hunger
a - Magic Dart            Conj           ###.         3%          1    None
b - Searing Ray           Conj           ###...       4%          2    ##.....

Your spell library contained the following spells:

 Spells                   Type           Power        Failure   Level  Hunger
 Dazzling Spray           Conj/Hex       ##....       26%         3    ###....
 Iskenderun's Mystic Bla  Conj           ###.....     32%         4    ####...
 Force Lance              Conj/Tloc      ##......     65%         4    ####...
 Fulminant Prism          Conj/Hex       ##........   65%         4    ####...


Dungeon Overview and Level Annotations

Branches:
Dungeon (2/15)

Altars:
Uskayaw


Message History

Your magical contamination has completely faded away.
The jackal closely misses you. The jackal barely misses you.
Casting: Magic Dart (safe; 3% risk of failure)
Confirm with . or Enter, or press ? or * to list all spells.
Aiming: Magic Dart (safe; 3% risk of failure)
Press: ? - help, Shift-Dir - straight line, f - jackal
Aim: a jackal The magic dart hits the jackal but does no damage.
The jackal closely misses you.
The giant cockroach bites you but does no damage.
The jackal barely misses you.
Casting: Magic Dart (safe; 3% risk of failure)
Confirm with . or Enter, or press ? or * to list all spells.
Aiming: Magic Dart (safe; 3% risk of failure)
Press: ? - help, Shift-Dir - straight line, f/p - jackal
Aim: a jackal The magic dart hits the jackal.
The jackal is moderately wounded.
The jackal bites you.
You die...

..l...# #....# #### h.......#
#....# #.#...#%########....###
#####
.###...........†......###...####
# ....#####.#.K..............#
###.# #...g...#.###.####.# .#
###.l.###.# #.#


#shh# #.# #÷# #.@.# #.###.### .........# #.#.....# ######.#.# #.#.#.#.# #.#.>
#.#.#...# #. #.# #.##..# .. .# #.....# ## .# ####.## .# #.# #.# You could see a
leopard gecko, 2 jackals, a giant cockroach, a hobgoblin and a kobold.

Vanquished Creatures
  A gnoll (D:1)
  A leopard gecko (D:1)
  3 bats (D:1)
  2 giant cockroaches (D:1)
  A goblin (D:1)
  2 hobgoblins
  A jackal (D:1)
  A kobold (D:1)
  2 frilled lizards (D:1)
14 creatures vanquished.

Notes
Turn   | Place    | Note
-------+----------+-------------------------------------------
     0 | D:1      | Mithandil the Deep Elf Conjurer began the quest for the
                  | Orb.
     0 | D:1      | Reached XP level 1. HP: 10/10 MP: 6/6
    59 | D:1      | Reached XP level 2. HP: 15/15 MP: 1/8
    63 | D:1      | Learned a level 2 spell: Searing Ray
   457 | D:2      | Found a hide-covered altar of Uskayaw.
   529 | D:1      | Slain by a jackal

Levels and vault maps discovered:
D:1:      lemuel_arrival_river_ford, layout_loops_ring
D:2:      layout_basic, eat_drink_and_be_merry_uskayaw

Action                   || total
-------------------------++-------
 Cast: Magic Dart        ||    36
Armor: Leather armour    ||    10
Dodge: Dodged            ||    17

Table legend:
 A = Non-vault XP
 B = Vault XP
 C = Vault XP percentage of total XP
 D = Non-vault monster count
 E = Vault monster count
 F = Vault count percentage of total count
                 A         B        C        D         E       F
            +---------+---------+-------+---------+---------+-------
      Total |      39 |       0 |   0.0 |      14 |       0 |   0.0
            +---------+---------+-------+---------+---------+-------
        D:1 |      37 |       0 |   0.0 |      13 |       0 |   0.0
        D:2 |       2 |       0 |   0.0 |       1 |       0 |   0.0
            +---------+---------+-------+---------+---------+-------
